[Event "Almaty Open 2018"]
[Site "Almaty"]
[Date "2018.10.17"]
[Round "3"]
[White "Utegaliyev, Azamat"]
[Black "Moisseyenko, Ilya"]
[Result "1-0"]
[ECO "B23"]
[WhiteElo "2517"]
[BlackElo "2300"]
[Annotator "ChessBase"]
[PlyCount "105"]
[EventDate "2018.10.16"]
[EventType "swiss"]
[EventCountry "KAZ"]
[SourceTitle "playchess.com"]
[Source "ChessBase"]
[SourceQuality "1"]
[TimeControl "5400+30"]

1. e4 c5 2. Nc3 d6 3. g3 Nc6 4. Bg2 g6 5. Nge2 Bg7 6. d3 e6 7. O-O Nge7 8. Be3 Nd4 9. Qd2 O-O 10. Nc1 Nec6 11. Nd1 Ne5 12. f4 Ng4 13. c3 Nc6 14. Ne2 Bd7 15. h3 Nxe3 16. Nxe3 f5 17. Rad1 Kh8 18. exf5 gxf5 19. d4 cxd4 20. Nxd4 Nxd4 21. cxd4 d5 22. Kh2 Rc8 23. Rf2 Ba4 24. b3 Be8 25. Nc2 Bh5 26. Bf3 Bxf3 27. Rxf3 Qb6 28. Rd3 Rc6 29. Ne1 Rfc8 30. Qe3 h6 31. g4 fxg4 32. hxg4 Qc7 33. Kg3 b5 34. b4 a5 35. bxa5 b4 36. a3 Qxa5 37. axb4 Qxb4 38. Nf3 Qb2 39. R3d2 Qc3 40. Rd3 Qb2 41. R1d2 Qc1 42. Re2 Qa1 43. g5 Rf8 44. Rh2 Rc1 45. Ra3 Qb1 46. Rb3 Qa1 47. Rb7 Rh1 48. Qxe6 Rxh2 49. Qg6 Rg8 50. Kxh2 Qf1 51. Kg3 Qh1 52. Rb1 Bf8 53. Qxg8+ 1-0

[Event "Almaty Open 2018"]
[Site "Almaty"]
[Date "2018.10.17"]
[Round "3"]
[White "Hamitevici, Vladimir"]
[Black "Mezentsev, Ivan"]
[Result "1/2-1/2"]
[ECO "D11"]
[WhiteElo "2505"]
[BlackElo "2270"]
[Annotator "ChessBase"]
[PlyCount "120"]
[EventDate "2018.10.16"]
[EventType "swiss"]
[EventCountry "KAZ"]
[SourceTitle "playchess.com"]
[Source "ChessBase"]
[SourceQuality "1"]
[TimeControl "5400+30"]

1. d4 d5 2. c4 c6 3. Nf3 Nf6 4. Qb3 a6 5. Nc3 e6 6. g3 b5 7. c5 a5 8. Bg2 Be7 9. O-O O-O 10. Qc2 Re8 11. a3 Na6 12. Ne5 Bb7 13. f4 g6 14. Bd2 Bf8 15. g4 Nd7 16. g5 Bg7 17. h4 f6 18. gxf6 Bxf6 19. h5 gxh5 20. e3 Re7 21. Bh3 Kh8 22. Ne2 h4 23. Kh1 Nc7 24. Rg1 Qf8 25. Nc1 Rg7 26. Ncd3 Qe7 27. Rxg7 Bxg7 28. Be1 Nxe5 29. Nxe5 Bf6 30. Qe2 Rg8 31. Qh5 Rg7 32. Nf3 Bc8 33. Bxh4 Bxh4 34. Nxh4 Bd7 35. Rg1 Rxg1+ 36. Kxg1 Qg7+ 37. Kf2 Ne8 38. Qe5 Nf6 39. Kf1 Qh6 40. Qg5 Qxg5 41. fxg5 Ne4 42. Nf3 Kg7 43. Ke1 Kf7 44. Ne5+ Ke7 45. g6 hxg6 46. Nxg6+ Kf6 47. Ne5 Be8 48. Bg2 Ng5 49. Kf2 Nf7 50. Nf3 e5 51. Bh3 exd4 52. exd4 Ke7 53. Bg4 Nh6 54. Ne5 Nf7 55. Nxf7 Bxf7 56. Kg3 Bg6 57. Kf4 Kd8 58. Ke5 Kc7 59. Bf3 Bd3 60. b4 axb4 {[%emt 0:00:08] Ke4} 1/2-1/2

[Event "Almaty Open 2018"]
[Site "Almaty"]
[Date "2018.10.17"]
[Round "3"]
[White "Khusenkhojaev, Muhammad"]
[Black "Khegay, Dmitriy"]
[Result "1/2-1/2"]
[ECO "A06"]
[WhiteElo "2443"]
[BlackElo "2499"]
[Annotator "ChessBase"]
[PlyCount "91"]
[EventDate "2018.10.16"]
[EventType "swiss"]
[EventCountry "KAZ"]
[SourceTitle "playchess.com"]
[Source "ChessBase"]
[SourceQuality "1"]
[TimeControl "5400+30"]

1. Nf3 d5 2. d4 c6 3. c4 dxc4 4. e3 Be6 5. Nc3 b5 6. a4 b4 7. Ne4 Bd5 8. Ned2 c3 9. bxc3 bxc3 10. Nb1 Qa5 11. Qc2 Bxf3 12. gxf3 e5 13. dxe5 Qxe5 14. Ba3 Bxa3 15. Rxa3 Nf6 16. Rxc3 O-O 17. Bg2 Na6 18. f4 Qe7 19. O-O Nb4 20. Qf5 Nfd5 21. Rc4 a5 22. Nc3 g6 23. Qh3 Nb6 24. Rd4 Rad8 25. Rxd8 Rxd8 26. f5 N4d5 27. fxg6 hxg6 28. Nxd5 cxd5 29. Qg4 d4 30. exd4 Nxa4 31. d5 Nb6 32. Qd4 Rd6 33. Rb1 Qf6 34. Qxf6 Rxf6 35. Rb5 a4 36. Ra5 Rf4 37. Ra6 Rb4 38. d6 Rb1+ 39. Bf1 Kf8 40. Kg2 Ke8 41. Ra7 Rb4 42. Be2 Kd8 43. Bf3 Nc8 44. Ra6 Rd4 45. d7 Kxd7 46. Bc6+ 1/2-1/2

[Event "Almaty Open 2018"]
[Site "Almaty"]
[Date "2018.10.17"]
[Round "3"]
[White "Askarov, Bakhtiyar"]
[Black "Igambergenov, Alibek"]
[Result "0-1"]
[ECO "D79"]
[WhiteElo "2428"]
[BlackElo "2253"]
[Annotator "NA"]
[PlyCount "76"]
[EventDate "2018.10.16"]
[EventType "swiss"]
[EventCountry "KAZ"]
[SourceTitle "playchess.com"]
[Source "ChessBase"]
[SourceQuality "1"]
[TimeControl "5400+30"]

1. d4 Nf6 2. Nf3 g6 3. g3 Bg7 4. Bg2 O-O 5. O-O d5 6. c4 c6 7. cxd5 cxd5 8. Nc3 Ne4 9. e3 Nxc3 {[%emt 0:14:00] D79: Fianchetto Grünfeld: Symmetrical Variation (6 0-0 c6 7 cxd5 cxd5)} (9... Nc6 10. Nd2 Nf6 11. Nb3 b6 12. Re1 Bb7 13. Bd2 e6 14. Nc1 {½-½ (14) Berkes,F (2687)-Swiercz,D (2633) Denizli 2013}) 10. bxc3 Nc6 11. Nd2 {[%emt 0:01:17] LiveBook: 29 Partien} Be6 12. e4 dxe4 13. Nxe4 Bd5 $146 ({Predecessor:} 13... Qa5 14. Bd2 Bc4 15. Re1 Rac8 16. Nc5 b6 17. Nb3 {0-1 (69) Barpiyeva,G (2111)-Jussupow,N (2158) Germany 2012}) 14. Re1 Na5 15. Bh3 b6 16. Qe2 Re8 17. Bf4 Bb7 18. Rad1 Qd5 19. Bg2 Kf8 20. Bf3 Qc4 21. Qb2 Rac8 $11 22. Rc1 Bd5 23. Be2 Qxa2 24. Qxa2 Bxa2 25. Ba6 Ra8 26. Nd2 Bd5 27. c4 Bb7 28. Bxb7 Nxb7 29. Nb3 a5 30. c5 a4 31. Nd2 bxc5 32. dxc5 Rec8 33. Be3 Na5 34. Nc4 Nxc4 35. Rxc4 a3 36. Bd4 Bxd4 37. Rxd4 Rxc5 38. Ra1 Rc2 0-1

[Event "Almaty Open 2018"]
[Site "Almaty"]
[Date "2018.10.17"]
[Round "3"]
[White "Serikbay, Chingiz"]
[Black "Mirzoev, Azer"]
[Result "0-1"]
[ECO "A07"]
[WhiteElo "2284"]
[BlackElo "2508"]
[Annotator "ChessBase"]
[PlyCount "118"]
[EventDate "2018.10.16"]
[EventType "swiss"]
[EventCountry "KAZ"]
[SourceTitle "playchess.com"]
[Source "ChessBase"]
[SourceQuality "1"]
[TimeControl "5400+30"]

1. Nf3 d5 2. g3 Nf6 3. Bg2 c6 4. O-O Bg4 5. d4 Nbd7 6. h3 Bh5 7. c4 e6 8. Nc3 Be7 9. b3 h6 10. Bb2 O-O 11. Nd2 Qb6 12. c5 Qc7 13. b4 b6 14. Nb3 Rfb8 15. Bc1 bxc5 16. Bf4 Bd6 17. Bxd6 Qxd6 18. bxc5 Qc7 19. f4 a5 20. Nc1 Bg6 21. Nd3 Ne4 22. Bxe4 Bxe4 23. Qd2 Nf6 24. Rab1 Bf5 25. Kh2 Ne4 26. Nxe4 Bxe4 27. Qc2 Rb4 28. Rxb4 axb4 29. Rb1 Qa5 30. Rb2 Qa3 31. Qd2 Bxd3 32. exd3 Ra4 33. Kg2 Qc3 34. Qxc3 bxc3 35. Rc2 Ra3 36. Kf3 h5 37. f5 exf5 38. Kf4 f6 39. Kxf5 Kf7 40. Kf4 g6 41. h4 Ke6 42. Re2+ Kf7 43. Rc2 Kg7 44. Kf3 g5 45. g4 gxh4 46. gxh5 Kh6 47. Kg4 Ra4 48. Rxc3 Rxd4+ 49. Kf5 h3 50. Kxf6 Kxh5 51. Ke5 h2 52. Rc1 Rxd3 53. Kd6 Kg4 54. a4 d4 55. Kxc6 Rh3 56. Rh1 Kf3 57. Kb5 d3 58. c6 Kg2 59. c7 Rh8 0-1

[Event "Almaty Open 2018"]
[Site "Almaty"]
[Date "2018.10.20"]
[Round "6"]
[White "Saiyn, Zhanat"]
[Black "Kekelidze, Mikheil"]
[Result "1/2-1/2"]
[ECO "D01"]
[WhiteElo "2370"]
[BlackElo "2360"]
[Annotator "NA"]
[PlyCount "116"]
[EventDate "2018.10.16"]
[EventType "swiss"]
[EventCountry "KAZ"]
[SourceTitle "playchess.com"]
[Source "ChessBase"]
[SourceQuality "1"]
[TimeControl "5400+30"]

1. d4 Nf6 2. Nc3 d5 3. Bg5 Nbd7 4. Nf3 c6 5. Qd3 g6 6. e4 {[%emt 0:00:43] D01: Damenbauernspiele (Richter-Weressow)} dxe4 7. Nxe4 Bg7 8. Be2 Nxe4 9. Qxe4 Nf6 10. Qd3 (10. Qe3 O-O 11. O-O h6 12. Bh4 Qb6 13. Bc4 g5 {0-1 (67) Cubas,J (2473)-Matsuura,E (2469) Rio Branco 2017}) 10... Bf5 11. Qb3 Qb6 $146 ({Vorgänger:} 11... O-O 12. O-O Qc8 13. Rfe1 h6 14. Bh4 Nd5 {1-0 (32) Lopez Raygoza,L (2161)-Navarrete Garcia,A (2072) Mexico City 2014}) 12. Bc4 Qxb3 13. Bxb3 a5 14. a4 Be4 15. O-O-O Bxf3 16. gxf3 e6 17. c4 Ra6 18. d5 Rb6 19. Rd3 $1 cxd5 20. cxd5 Nxd5 21. Bxd5 exd5 22. Re1+ Re6 23. Bd2 O-O 24. Rxd5 Rc8+ 25. Kb1 Rb6 26. Rb5 Rxb5 27. axb5 Bd4 28. Bxa5 Bxf2 29. Rd1 h5 30. b6 Rc6 31. Rd8+ $1 Kh7 32. Bc3 g5 33. Rd7 Kg6 34. Rxb7 Bxb6 35. h3 f6 36. Re7 Rc4 37. Re6 Bd8 38. Rd6 Be7 39. Rd4 Rc5 40. Rd7 Bf8 41. Rd8 Bh6 42. Rd3 Rc4 43. Rd4 Rxd4 44. Bxd4 f5 45. Kc2 g4 46. fxg4 fxg4 47. hxg4 h4 48. Kd3 h3 49. Be5 Kg5 50. Ke2 Kxg4 51. Kf2 $11 Bf8 52. Kg1 Kf5 53. Bb8 Ke4 54. Kh2 Kd3 55. Be5 Kc2 56. Kxh3 Kb3 57. Kg4 Ba3 58. bxa3 Kxa3 1/2-1/2

[Event "Almaty Open 2018"]
[Site "Almaty"]
[Date "2018.10.22"]
[Round "8"]
[White "Askarov, Bakhtiyar"]
[Black "Daurimbetov, A."]
[Result "1-0"]
[ECO "A48"]
[WhiteElo "2428"]
[BlackElo "2282"]
[Annotator "ChessBase"]
[PlyCount "87"]
[EventDate "2018.10.16"]
[EventType "swiss"]
[EventCountry "KAZ"]
[SourceTitle "playchess.com"]
[Source "ChessBase"]
[SourceQuality "1"]
[TimeControl "5400+30"]

1. d4 Nf6 2. Nf3 g6 3. Bf4 Bg7 4. e3 d6 5. h3 b6 6. Be2 Bb7 7. O-O O-O 8. a4 a5 9. Na3 Nbd7 10. Bh2 Ne4 11. Nc4 f5 12. c3 g5 13. Ne1 e6 14. Nd3 Qe7 15. Qc2 Bd5 16. Na3 g4 17. c4 Bb7 18. hxg4 Qh4 19. gxf5 Rxf5 20. g3 Qh3 21. d5 exd5 22. Nf4 Rxf4 23. exf4 Bd4 24. Nb5 Bc5 25. Bf3 Nxg3 26. Bg2 Qg4 27. Bxg3 Qxg3 28. Ra3 Qg7 29. Rh3 d4 30. Rh2 Kh8 31. Kh1 Bxg2+ 32. Rxg2 Qh6+ 33. Rh2 Qg7 34. Rg1 Qe7 35. Nxc7 Rg8 36. Rxg8+ Kxg8 37. Nd5 Qe1+ 38. Kg2 d3 39. Qxd3 Qxf2+ 40. Kh3 Qe1 41. Qf3 Nf8 42. Re2 Qb1 43. f5 Qd1 44. Rg2+ 1-0

[Event "Almaty Open 2018"]
[Site "Almaty"]
[Date "2018.10.22"]
[Round "8"]
[White "Moisseyenko, Ilya"]
[Black "Urazayev, Arystanbek"]
[Result "0-1"]
[ECO "D37"]
[WhiteElo "2300"]
[BlackElo "2321"]
[Annotator "ChessBase"]
[PlyCount "78"]
[EventDate "2018.10.16"]
[EventType "swiss"]
[EventCountry "KAZ"]
[SourceTitle "playchess.com"]
[Source "ChessBase"]
[SourceQuality "1"]
[TimeControl "5400+30"]

1. d4 Nf6 2. Nf3 e6 3. c4 d5 4. Nc3 dxc4 5. e3 a6 6. a4 c5 7. Bxc4 Nc6 8. O-O Be7 9. Ne5 cxd4 10. Nxc6 bxc6 11. exd4 a5 12. Qf3 Nd5 13. Ne4 O-O 14. Rd1 Ba6 15. b3 Qb6 16. Bg5 Bxg5 17. Nxg5 h6 18. Ne4 Rfd8 19. Nc5 Bxc4 20. bxc4 Nb4 21. Qe2 Rab8 22. Rab1 Qc7 23. Rb3 e5 24. Rg3 Rxd4 25. Rxd4 exd4 26. h4 Rd8 27. h5 Qf4 28. Nd7 Qf5 29. Nb6 Qe6 30. Qd2 c5 31. Nd5 Nxd5 32. cxd5 Rxd5 33. Qxa5 c4 34. Qb4 c3 35. Qc4 Qe1+ 36. Kh2 Rxh5+ 37. Rh3 Rxh3+ 38. gxh3 Qxf2+ 39. Kh1 c2 0-1

[Event "Almaty Open 2018"]
[Site "Almaty"]
[Date "2018.10.22"]
[Round "8"]
[White "Primbetov, Kazbek"]
[Black "Kekelidze, Mikheil"]
[Result "0-1"]
[ECO "E94"]
[WhiteElo "2251"]
[BlackElo "2360"]
[Annotator "NA"]
[PlyCount "72"]
[EventDate "2018.10.16"]
[EventType "swiss"]
[EventCountry "KAZ"]
[SourceTitle "playchess.com"]
[Source "ChessBase"]
[SourceQuality "1"]
[TimeControl "5400+30"]

1. d4 Nf6 2. Nf3 g6 3. c4 Bg7 4. Nc3 O-O 5. e4 d6 6. Be2 e5 7. O-O exd4 8. Nxd4 Re8 9. f3 {[%emt 0:15:59] LiveBook: 1619 Games} c6 10. Re1 {[%emt 0:18:20] E94: King's Indian: Classical: 6 Be2 e5 7 0-0: Various Black 7th moves} (10. Kh1 Nbd7 11. Bg5 Qb6 12. Na4 Qc7 13. Qd2 Nc5 14. Nc3 a5 15. Rab1 a4 16. b4 axb3 17. axb3 Nfd7 18. Be3 Ne6 19. Rfd1 Ndc5 {1-0 (45) Dubov,D (2658)-Kokarev,D (2620) Sochi 2017}) 10... d5 11. cxd5 cxd5 12. Bb5 Nc6 13. Be3 Bd7 14. Bxc6 $146 ({Predecessor:} 14. exd5 Nxd5 15. Nxc6 bxc6 16. Nxd5 Bxb2 17. Rb1 Bg7 18. Bf1 Bf5 19. Nf4 Rxe3 20. Rxe3 Bd4 21. Kf2 Bxb1 22. Qxb1 Qh4+ 23. g3 Qxh2+ 24. Ng2 Re8 {0-1 (24) Olesen,M (2230)-Burgess,G (2350) Aarhus 1989}) 14... Bxc6 15. Nxc6 bxc6 16. exd5 Nxd5 17. Nxd5 cxd5 18. Qd2 d4 19. Bf2 Qd5 20. b3 d3 21. Rxe8+ ({Better is} 21. Rad1 $15) 21... Rxe8 22. Rd1 (22. Re1 $17 Rc8 23. Rc1) 22... Bd4 23. Bxd4 Qxd4+ $2 24. Qf2 {[%emt 0:00:01] [#]} Qc3 $1 25. Qd2 $2 {[%emt 0:02:09] [#]} (25. Kf1 Re2 26. Qh4) 25... Qd4+ (25... Qc5+ $1 $19 26. Qf2 Qc2 27. Qxc2 dxc2) 26. Qf2 Re3 27. h3 h5 28. h4 ({White should play} 28. b4) 28... Qe5 29. Kf1 $2 {[%emt 0:00:29] [#]} (29. Qd2 $17) 29... Re2 $1 30. Qxa7 d2 $19 (30... Qg3 $142 31. Qg1 Rxa2) 31. Qf2 Rxf2+ 32. Kxf2 Qd4+ 33. Ke2 Qxh4 34. Rxd2 Qg5 35. Ke1 h4 36. b4 Qf4 0-1